Map: Incorporeal LE

Players

Gansay

  • Race: Protoss Protoss
  • Spawn Location: 11:00

ManlyManMeat - Winner!

  • Race: Terran Terran
  • Spawn Location: 5:00

VOD

Have the link to the VOD?

Description

Time

  • Played on: May 17, 2025, 8:46 a.m.
  • Length: 13:18
Show
View Real Time Build Order
Export as new Build Order

Gansay Protoss 

Build Orders:  

Get SALT Encoding   

  12  0:01  Probe  
  13  0:13  Probe  
  14  0:18  Pylon  
  14  0:22  Probe  
  15  0:32  Probe  
  16  0:42  Gateway  
  16  0:49  Probe  
  17  1:01  Probe  
  18  1:08  Assimilator  
  18  1:10  Pylon  
  18  1:13  Probe  
  19  1:22  Pylon  
  19  1:25  Probe  
  20  1:32  Zealot  
  22  1:37  Probe  
  23  1:44  Cybernetics Core  
  23  1:49  Probe  
  23  1:51  Gateway  
  24  1:59  Pylon  
  24  2:01  Warp Gate  
  24  2:09  Zealot  
  26  2:17  Assimilator  
  26  2:35  Nexus  
  26  2:41  Pylon  
  26  2:48  Pylon  
  25  3:14  Gateway  
  25  3:17  Robotics Facility  
  25  3:49  Probe  
  26  3:57  Probe  
  26  4:02  Forge  
  27  4:05  Gateway  
  27  4:06  Probe  
  27  4:07  Pylon  
  27  4:09  Pylon  
  28  4:11  Pylon  
  28  4:15  Stalker  
  30  4:18  Probe  
  30  4:19  Zealot  
  33  4:30  Observer, Probe  
  33  4:42  Probe  
  33  4:43  Photon Cannon  
  33  4:47  Photon Cannon  
  33  4:50  Probe  
  33  5:00  Probe  
  33  5:06  Immortal  
  38  5:12  Probe  
  39  5:15  Pylon  
  39  5:18  Protoss Ground Weapons Level 1  
  39  5:24  Probe  
  40  5:28  Twilight Council  
  40  5:35  Immortal  
  40  5:36  Probe  
  44  6:03  Zealot  
  44  6:04  Stalker x2  
  48  6:06  Zealot  
  52  6:11  Charge  
  52  6:14  Warp Prism  
  54  6:34  Pylon  
  54  6:39  Assimilator  
  54  6:43  Zealot x2  
  54  6:44  Zealot x2  
  62  6:51  Gateway  
  62  6:52  Gateway  
  62  6:54  Gateway  
  62  7:13  Probe  
  62  7:15  Protoss Ground Armor Level 1  
  62  7:21  Probe  
  64  7:30  Probe  
  65  7:40  Zealot x3  
  65  7:41  Zealot  
  65  7:42  Probe  
  74  7:49  Zealot x3  
  80  7:52  Blink  
  80  7:54  Probe  
  67  8:13  Immortal  
  67  8:18  Robotics Bay  
  71  8:22  Nexus  
  71  8:24  Stalker  
  71  8:26  Stalker  
  75  8:30  Stalker  
  67  9:05  Assimilator  
  67  9:14  Protoss Shields Level 1  
  67  9:37  Zealot x3  
  67  9:38  Zealot x2  
  77  9:39  Zealot x2  
  77  9:45  Probe  
  74  9:53  Probe  
  74  9:56  Zealot x2  
  74  9:57  Zealot  
  73  10:02  Probe  
  70  10:10  Colossus  
  76  10:14  Probe  
  76  10:20  Pylon  
  77  10:24  Pylon  
  77  10:26  Probe  
  78  10:32  Sentry  
  78  10:33  Zealot x2, Stalker  
  78  10:34  Zealot  
  78  10:35  Sentry  
  86  10:36  Stalker  
  86  10:38  Probe  
  89  10:45  Robotics Facility  
  89  10:51  Probe  
  90  11:01  Assimilator  
  90  11:03  Probe  
  91  11:04  Photon Cannon  
  91  11:08  Photon Cannon  
  91  11:12  Zealot  
  91  11:13  Zealot x3  
  91  11:15  Zealot x2  
  91  11:16  Zealot  
  105  11:29  Colossus  
  103  11:37  Extended Thermal Lance  
  95  11:52  Immortal  
  99  12:03  Zealot x3, Probe  
  106  12:11  Probe  
  106  12:15  Assimilator  
  106  12:21  Probe  
  107  12:23  Colossus  
  107  12:24  Probe  
  115  12:32  Probe  
  115  12:33  Probe  
  117  12:39  Sentry  
  117  12:40  Zealot  
  117  12:41  Probe, Stalker  
  124  12:45  Probe  
  114  12:53  Probe  
  114  12:54  Zealot  
  114  12:55  Zealot x2  
  114  12:56  Zealot  
  87  13:05  Probe, Stalker x2  
Show
View Real Time Build Order
Export as new Build Order

ManlyManMeat Terran - Winner!

Build Orders:  

Get SALT Encoding   

  12  0:00  SCV  
  13  0:12  SCV  
  14  0:19  Supply Depot  
  14  0:25  SCV  
  15  0:40  SCV  
  16  0:43  Barracks  
  16  0:52  SCV  
  17  1:04  SCV  
  17  1:11  Refinery x2  
  18  1:17  SCV  
  19  1:29  SCV  
  20  1:42  Command Center  
  20  1:52  Barracks Reactor  
  20  2:02  Orbital Command  
  20  2:13  Supply Depot  
  20  2:29  Marine x2  
  21  2:33  SCV  
  23  2:40  Supply Depot  
  23  2:45  SCV  
  23  2:48  Factory  
  24  2:56  Orbital Command  
  24  2:58  Marine  
  24  2:59  Marine  
  24  3:02  SCV  
  27  3:18  Barracks  
  27  3:19  Marine x2  
  29  3:23  SCV x2  
  31  3:35  SCV  
  31  3:36  SCV  
  31  3:41  Factory Tech Lab  
  33  3:46  Starport  
  33  3:47  SCV, Marine x2  
  33  3:48  SCV  
  37  4:00  SCV x2  
  39  4:07  Supply Depot  
  39  4:09  Marine x2  
  41  4:10  Siege Tank  
  41  4:12  SCV x2  
  45  4:24  SCV  
  45  4:25  SCV  
  45  4:29  Marine x2  
  48  4:31  Starport Reactor  
  48  4:32  Barracks Reactor  
  48  4:36  SCV  
  48  4:37  SCV  
  50  4:42  Supply Depot  
  48  5:06  Engineering Bay  
  48  5:07  SCV x2  
  48  5:12  Bunker  
  50  5:17  Siege Tank  
  50  5:19  SCV  
  50  5:20  SCV, Medivac  
  57  5:27  Refinery  
  57  5:29  Refinery  
  57  5:31  Marine x2  
  57  5:32  SCV x2, Marine x2  
  63  5:37  Engineering Bay  
  63  5:44  SCV, Supply Depot  
  64  5:55  Medivac  
  64  5:56  Marine x3  
  69  6:07  Marine  
  69  6:08  Supply Depot  
  69  6:09  Medivac  
  69  6:27  Medivac  
  69  6:28  Marine x2  
  69  6:29  Marine x2  
  74  6:42  Barracks  
  74  6:44  Barracks  
  74  6:46  Barracks x2, Marine x2  
  76  6:48  Barracks, Terran Infantry Weapons Level 1  
  76  6:52  Siege Tank  
  76  6:53  Marine x2  
  81  6:59  Supply Depot  
  81  7:08  SCV  
  81  7:15  Command Center  
  83  7:16  Marine  
  83  7:17  Marine  
  83  7:20  SCV  
  85  7:39  Supply Depot  
  85  7:48  Barracks Reactor  
  85  7:49  Barracks Tech Lab x2  
  85  7:50  Barracks Reactor, Barracks Tech Lab  
  82  8:02  Supply Depot  
  79  8:10  Marine x2  
  79  8:11  Marine x2  
  83  8:14  Marauder x2  
  83  8:16  Combat Shield  
  83  8:17  Stimpack  
  83  8:18  Barracks Tech Lab  
  87  8:20  Viking x2  
  85  8:46  Orbital Command  
  85  8:48  Marine x6  
  83  8:49  Marine x3  
  83  8:51  Terran Infantry Armor Level 1  
  83  8:52  Supply Depot  
  90  8:59  Armory  
  90  9:10  Marine  
  90  9:11  Marine x3  
  90  9:12  Marauder x3  
  90  9:14  Supply Depot  
  100  9:20  Marine x2  
  100  9:21  Supply Depot, Marine  
  100  9:22  Supply Depot, Siege Tank  
  100  9:23  Viking x2  
  110  9:25  Supply Depot  
  110  9:27  Supply Depot  
  110  9:31  SCV x2  
  110  9:33  Marauder  
  110  9:34  SCV  
  115  9:43  SCV x2  
  114  9:46  SCV  
  114  9:48  Concussive Shells  
  109  10:08  Siege Tank  
  109  10:09  Marine x3  
  109  10:10  Marine x5  
  109  10:11  Marauder x3  
  109  10:12  Viking  
  109  10:13  Viking  
  130  10:26  SCV x3  
  133  10:32  Marauder  
  128  10:38  SCV x3  
  128  10:39  Hi-Sec Auto Tracking  
  130  10:44  Terran Infantry Weapons Level 2  
  130  10:45  Missile Turret  
  130  10:46  Missile Turret  
  130  10:50  SCV x2  
  130  10:53  Missile Turret  
  130  10:54  Missile Turret x4  
  130  10:55  SCV  
  130  10:56  Missile Turret  
  133  11:02  SCV x2, Supply Depot  
  133  11:03  Supply Depot  
  135  11:05  Supply Depot  
  135  11:06  Supply Depot  
  135  11:07  SCV  
  136  11:12  Siege Tank  
  136  11:14  SCV, Medivac x2  
  136  11:15  Marine x4  
  136  11:16  Marauder x2  
  143  11:45  Siege Tank  
  146  11:47  Refinery  
  146  11:48  Refinery  
  146  11:50  Missile Turret  
  146  11:51  Missile Turret  
  146  11:54  Missile Turret  
  146  11:59  Supply Depot  
  146  12:06  Supply Depot  
  146  12:29  Marine x3  
  148  12:30  Marine x5  
  148  12:32  Marauder x2  
  148  12:33  Marauder, Siege Tank  
  151  12:55  Marine x5  
  151  12:56  Marine x2  
Tags
 
Add a new tag
Caveats
  • Supply blocks, unpowered buildings, or Contaminate may cause inaccurate times.
  • Supply counts are checked every 10 seconds.